| TOP OF THE 1ST |
|
Bristol Pirates batting - Pitching for Missoula Osprey : LHP Cory Youngquist
|
|
Pitching: LHP Cory Youngquist
|
|
|
Batting: RHB Matt Derrien
|
0-0: Called Strike 0-1: Foul Ball, location: 2F 0-2: Ground out 6-3 (Groundball, 6, EV 79.4 MPH)
|
|
Batting: LHB Ernesto Gasca
|
0-0: Ball 1-0: Ground out 4-3 (Groundball, 4M, EV 89.4 MPH)
|
|
Batting: RHB Jon Solis
|
0-0: Ball 1-0: Ball 2-0: Foul Ball, location: 2F 2-1: Ball 3-1: Called Strike 3-2: Fly out, F8 (Line Drive, 8LD, EV 95.0 MPH)
|
| Top of the 1st over - 0 runs, 0 hits, 0 errors, 0 left on base; Bristol 0 - Missoula 0 |
| BOTTOM OF THE 1ST |
|
Missoula Osprey batting - Pitching for Bristol Pirates : RHP Pablo Ramirez
|
|
Pitching: RHP Pablo Ramirez
|
|
|
Batting: RHB Isaiah Hampton
|
0-0: Called Strike 0-1: SINGLE (Line Drive, 56, EV 101.9 MPH)
|
|
Batting: LHB Danny Salas
|
0-0: Called Strike 0-1: Ball 1-1: Ball 2-1: Ball 3-1: Called Strike 3-2: Base on Balls Isaiah Hampton to second
|
|
Batting: RHB Claude Leduc
|
0-0: Called Strike 0-1: Fielders Choice at 2nd, 6-4 (Groundball, 6, EV 90.6 MPH) Isaiah Hampton to third
|
|
Batting: LHB Angelo Lira
|
0-0: Fielders Choice at 2nd, 5-4 (Groundball, 5, EV 78.1 MPH) Isaiah Hampton scores
|
|
Batting: RHB David Powell
|
0-0: Ball 1-0: Ball 2-0: Called Strike 2-1: Ball 3-1: Called Strike 3-2: SINGLE (Line Drive, 56D, EV 97.5 MPH) Angelo Lira to second Angelo Lira to third
|
|
Batting: LHB Jalen Williams
|
0-0: Fielders Choice at 2nd, 6-4 (Groundball, 6D, EV 106.2 MPH)
|
| Bottom of the 1st over - 1 run, 2 hits, 0 errors, 2 left on base; Bristol 0 - Missoula 1 |
| TOP OF THE 2ND |
|
Bristol Pirates batting - Pitching for Missoula Osprey : LHP Cory Youngquist
|
|
Batting: SHB Nathan Clement
|
0-0: Swinging Strike 0-1: DOUBLE (Line Drive, 9LS, EV 99.4 MPH)
|
|
Batting: LHB Sun-wei Kuai
|
0-0: Called Strike 0-1: Foul Ball, location: 2F 0-2: Ball 1-2: Ball 2-2: Ball 3-2: Fly out, F7 (Line Drive, 78S, EV 91.9 MPH)
|
|
Batting: LHB Tommie Benefield
|
0-0: Called Strike 0-1: Called Strike 0-2: Strikes out looking
|
|
Batting: RHB Ilija Panic
|
0-0: Ball 1-0: Ball 2-0: Fly out, F7 (Line Drive, 7, EV 91.9 MPH)
|
| Top of the 2nd over - 0 runs, 1 hit, 0 errors, 1 left on base; Bristol 0 - Missoula 1 |
| BOTTOM OF THE 2ND |
|
Missoula Osprey batting - Pitching for Bristol Pirates : RHP Pablo Ramirez
|
|
Batting: RHB Shing Mah
|
0-0: Ball 1-0: Ground out 6-3 (Groundball, 6, EV 101.2 MPH)
|
|
Batting: RHB Hector Tabares
|
0-0: Called Strike 0-1: Swinging Strike 0-2: Ball 1-2: Ball 2-2: Ball 3-2: Strikes out looking
|
|
Batting: RHB Dave Beerman
|
0-0: Ball 1-0: DOUBLE (Flyball, 78XD, EV 106.9 MPH)
|
|
Batting: RHB Isaiah Hampton
|
0-0: Ball 1-0: Called Strike 1-1: Ground out 4-3 (Groundball, 4, EV 87.5 MPH)
|
| Bottom of the 2nd over - 0 runs, 1 hit, 0 errors, 1 left on base; Bristol 0 - Missoula 1 |
| TOP OF THE 3RD |
|
Bristol Pirates batting - Pitching for Missoula Osprey : LHP Cory Youngquist
|
|
Batting: RHB Zachery Loomis
|
0-0: Swinging Strike 0-1: Ground out 3-1 (Groundball, 34S, EV 88.1 MPH)
|
|
Batting: RHB Brian Brewster
|
0-0: Ball 1-0: Called Strike 1-1: Foul Ball, location: 2F 1-2: Ball 2-2: Foul Ball, location: 2F 2-2: Strikes out swinging
|
|
Batting: RHB Matt Derrien
|
0-0: Ball 1-0: Ball 2-0: Foul Ball, location: 2F 2-1: Ground out 5-3 (Groundball, 56S, EV 72.5 MPH)
|
| Top of the 3rd over - 0 runs, 0 hits, 0 errors, 0 left on base; Bristol 0 - Missoula 1 |
| BOTTOM OF THE 3RD |
|
Missoula Osprey batting - Pitching for Bristol Pirates : RHP Pablo Ramirez
|
|
Batting: LHB Danny Salas
|
0-0: Swinging Strike 0-1: Ball 1-1: Foul Ball, location: 2F 1-2: Foul Ball, location: 2F 1-2: Ball 2-2: Ball 3-2: Foul Ball, location: 2F 3-2: Base on Balls
|
|
Batting: RHB Claude Leduc
|
0-0: Ball 1-0: Ball 2-0: Foul Ball, location: 2F 2-1: Foul Ball, location: 2F 2-2: Fly out, F9 (Flyball, 9D, EV 99.4 MPH)
|
|
Batting: LHB Angelo Lira
|
0-0: Ball 1-0: Called Strike 1-1: Ball Danny Salas is caught stealing 2nd base 2-6 2-1: Foul Ball, location: 2F 2-2: Ground out 4-3 (Groundball, 4, EV 86.2 MPH)
|
| Bottom of the 3rd over - 0 runs, 0 hits, 0 errors, 0 left on base; Bristol 0 - Missoula 1 |
| TOP OF THE 4TH |
|
Bristol Pirates batting - Pitching for Missoula Osprey : LHP Cory Youngquist
|
|
Batting: LHB Ernesto Gasca
|
0-0: Ground out 3-1 (Groundball, 34, EV 87.5 MPH)
|
|
Batting: RHB Jon Solis
|
0-0: Foul Ball, location: 2F 0-1: Called Strike 0-2: Ball 1-2: Strikes out swinging
|
|
Batting: SHB Nathan Clement
|
0-0: Called Strike 0-1: SINGLE (Groundball, 6MD, EV 104.4 MPH)
|
|
Batting: LHB Sun-wei Kuai
|
0-0: Called Strike 0-1: Ball 1-1: Swinging Strike 1-2: Strikes out swinging
|
| Top of the 4th over - 0 runs, 1 hit, 0 errors, 1 left on base; Bristol 0 - Missoula 1 |
| BOTTOM OF THE 4TH |
|
Missoula Osprey batting - Pitching for Bristol Pirates : RHP Pablo Ramirez
|
|
Batting: RHB David Powell
|
0-0: Ball 1-0: SOLO HOME RUN (Flyball, 7D, EV 99.4 MPH), Distance : 384 ft
|
|
Batting: LHB Jalen Williams
|
0-0: Ball 1-0: Ball 2-0: Ground out 4-3 (Groundball, 4, EV 86.2 MPH)
|
|
Batting: RHB Shing Mah
|
0-0: Called Strike 0-1: Foul Ball, location: 2F 0-2: Foul Ball, location: 2F 0-2: Ball 1-2: Strikes out looking
|
|
Batting: RHB Hector Tabares
|
0-0: Called Strike 0-1: Called Strike 0-2: Foul Ball, location: 2F 0-2: Foul Ball, location: 2F 0-2: Strikes out swinging
|
| Bottom of the 4th over - 1 run, 1 hit, 0 errors, 0 left on base; Bristol 0 - Missoula 2 |
| TOP OF THE 5TH |
|
Bristol Pirates batting - Pitching for Missoula Osprey : LHP Cory Youngquist
|
|
Batting: LHB Tommie Benefield
|
0-0: Ground out 6-3 (Groundball, 6, EV 80.0 MPH)
|
|
Batting: RHB Ilija Panic
|
0-0: Called Strike 0-1: Ball 1-1: Foul Ball, location: 2F 1-2: Ball 2-2: Ground out 3-1 (Groundball, 34, EV 83.1 MPH)
|
|
Batting: RHB Zachery Loomis
|
0-0: Ball 1-0: Swinging Strike 1-1: Called Strike 1-2: Foul Ball, location: 2F 1-2: Foul Ball, location: 2F 1-2: Foul Ball, location: 2F 1-2: Strikes out swinging
|
| Top of the 5th over - 0 runs, 0 hits, 0 errors, 0 left on base; Bristol 0 - Missoula 2 |
| BOTTOM OF THE 5TH |
|
Missoula Osprey batting - Pitching for Bristol Pirates : RHP Pablo Ramirez
|
|
Batting: RHB Dave Beerman
|
0-0: Called Strike 0-1: Ground out 4-3 (Groundball, 4, EV 89.4 MPH)
|
|
Batting: RHB Isaiah Hampton
|
0-0: Swinging Strike 0-1: Ball 1-1: SINGLE (Groundball, 56D, EV 94.4 MPH)
|
|
Batting: LHB Danny Salas
|
0-0: Ball 1-0: Called Strike 1-1: Ball 2-1: Swinging Strike 2-2: Ball 3-2: Fly out, F7 (Flyball, 7, EV 96.9 MPH)
|
|
Pitching: RHP Dustin Hamblin
|
|
|
Batting: RHB Claude Leduc
|
0-0: Swinging Strike 0-1: Ball 1-1: Called Strike 1-2: Foul Ball, location: 2F 1-2: Ball 2-2: Strikes out swinging
|
| Bottom of the 5th over - 0 runs, 1 hit, 0 errors, 1 left on base; Bristol 0 - Missoula 2 |
| TOP OF THE 6TH |
|
Bristol Pirates batting - Pitching for Missoula Osprey : LHP Cory Youngquist
|
|
Batting: RHB Brian Brewster
|
0-0: SINGLE (Groundball, 6MD, EV 103.1 MPH) (infield hit)
|
|
Batting: RHB Matt Derrien
|
0-0: Swinging Strike 0-1: Ball 1-1: Ball 2-1: SINGLE (Groundball, 56D, EV 107.5 MPH) Brian Brewster to second
|
|
Pinch Hitting: RHB Oscar Mora
|
0-0: Swinging Strike 0-1: Ball 1-1: Ball 2-1: Foul Ball, location: 2F 2-2: Strikes out swinging
|
|
Batting: RHB Jon Solis
|
0-0: Foul Ball, location: 2F 0-1: Ball 1-1: Swinging Strike 1-2: Foul Ball, location: 2F 1-2: 3-RUN HOME RUN (Flyball, 78XD, EV 116.9 MPH), Distance : 456 ft
|
|
Batting: SHB Nathan Clement
|
0-0: Ball 1-0: SINGLE (Groundball, 56S, EV 71.9 MPH) (infield hit)
|
|
Batting: LHB Sun-wei Kuai
|
0-0: Ball 1-0: Swinging Strike 1-1: Fly out, F7 (Flyball, 78XD, EV 89.4 MPH)
|
|
Batting: LHB Tommie Benefield
|
0-0: Called Strike 0-1: Ball 1-1: Swinging Strike 1-2: Strikes out swinging
|
| Top of the 6th over - 3 runs, 4 hits, 0 errors, 1 left on base; Bristol 3 - Missoula 2 |
| BOTTOM OF THE 6TH |
|
Missoula Osprey batting - Pitching for Bristol Pirates : RHP Dustin Hamblin
|
|
Now at 1B: Damien Cohen
|
|
|
Batting: LHB Angelo Lira
|
0-0: Ball 1-0: Ball 2-0: Ball 3-0: Base on Balls
|
|
Batting: RHB David Powell
|
0-0: Ball Angelo Lira is caught stealing 2nd base 2-4 1-0: Foul Ball, location: 2F 1-1: Ball 2-1: SINGLE (Groundball, 56D, EV 98.8 MPH)
|
|
Batting: LHB Jalen Williams
|
0-0: Ball 1-0: Called Strike 1-1: Ball 2-1: Ball 3-1: Called Strike 3-2: Strikes out swinging
|
|
Pitching: RHP Otok Barleyfoot
|
|
|
Pinch Hitting: LHB Nelson Pelico
|
0-0: Ball 1-0: Called Strike 1-1: Ball 2-1: Foul Ball, location: 2F 2-2: 2-RUN HOME RUN (Flyball, 9LD, EV 106.2 MPH), Distance : 385 ft
|
|
Batting: RHB Hector Tabares
|
0-0: Ball 1-0: Swinging Strike 1-1: Ball 2-1: Foul Ball, location: 2F 2-2: Strikes out swinging
|
| Bottom of the 6th over - 2 runs, 2 hits, 0 errors, 0 left on base; Bristol 3 - Missoula 4 |
| TOP OF THE 7TH |
|
Bristol Pirates batting - Pitching for Missoula Osprey : LHP Cory Youngquist
|
|
Now at 1B: Chris Jones
|
|
|
Batting: RHB Ilija Panic
|
0-0: Foul Ball, location: 2F 0-1: Fly out, F7 (Flyball, 78XD, EV 88.8 MPH)
|
|
Pinch Hitting: RHB Jason Rhodes
|
0-0: Ball 1-0: Ball 2-0: Ground out 4-3 (Groundball, 34, EV 85.0 MPH)
|
|
Pinch Hitting: RHB Ryan Thurston
|
0-0: Foul Ball, location: 2F 0-1: Foul Ball, location: 2F 0-2: Ball 1-2: Strikes out swinging
|
| Top of the 7th over - 0 runs, 0 hits, 0 errors, 0 left on base; Bristol 3 - Missoula 4 |
| BOTTOM OF THE 7TH |
|
Missoula Osprey batting - Pitching for Bristol Pirates : RHP Otok Barleyfoot
|
|
Now at 2B: Ryan Thurston
|
|
|
Now at SS: Jason Rhodes
|
|
|
Batting: RHB Dave Beerman
|
0-0: Ball 1-0: Called Strike 1-1: Ball 2-1: Ball 3-1: Called Strike 3-2: Fly out, F7 (Flyball, 7D, EV 106.9 MPH)
|
|
Batting: RHB Isaiah Hampton
|
0-0: Ball 1-0: Ground out 4-3 (Groundball, 4, EV 82.5 MPH)
|
|
Batting: LHB Danny Salas
|
0-0: Ball 1-0: Ball 2-0: Foul Ball, location: 2F 2-1: Ball 3-1: Base on Balls
|
|
Pitching: RHP Sean Elder
|
|
|
Batting: RHB Claude Leduc
|
0-0: Ball 1-0: SINGLE (Groundball, 56D, EV 104.4 MPH) Danny Salas to second
|
|
Batting: LHB Angelo Lira
|
0-0: Foul Ball, location: 2F 0-1: Called Strike 0-2: Ball 1-2: Ball 2-2: Strikes out looking
|
| Bottom of the 7th over - 0 runs, 1 hit, 0 errors, 2 left on base; Bristol 3 - Missoula 4 |
| TOP OF THE 8TH |
|
Bristol Pirates batting - Pitching for Missoula Osprey : LHP Cory Youngquist
|
|
Batting: RHB Matt Derrien
|
0-0: Swinging Strike 0-1: Called Strike 0-2: Strikes out swinging
|
|
Pitching: LHP Carlos Alicea
|
|
|
Pinch Hitting: SHB Juan Ayala
|
0-0: Fly out, F9 (Flyball, 9D, EV 106.2 MPH)
|
|
Batting: RHB Jon Solis
|
0-0: Ball 1-0: Called Strike 1-1: Ball 2-1: Called Strike 2-2: Foul Ball, location: 2F 2-2: Ball 3-2: Base on Balls
|
|
Pitching: RHP Sergio Reyes
|
|
|
Batting: SHB Nathan Clement
|
0-0: Ball 1-0: Foul Ball, location: 2F 1-1: Foul Ball, location: 2F 1-2: Strikes out swinging
|
| Top of the 8th over - 0 runs, 0 hits, 0 errors, 1 left on base; Bristol 3 - Missoula 4 |
| BOTTOM OF THE 8TH |
|
Missoula Osprey batting - Pitching for Bristol Pirates : RHP Sean Elder
|
|
Now at 1B: Sun-wei Kuai
|
|
|
Now at 3B: Juan Ayala
|
|
|
Batting: RHB David Powell
|
0-0: Called Strike 0-1: Ball 1-1: Ground out U3 (Groundball, 34, EV 88.1 MPH)
|
|
Batting: LHB Jalen Williams
|
0-0: Called Strike 0-1: SINGLE (Groundball, 34D, EV 102.5 MPH)
|
|
Batting: RHB Chris Jones
|
0-0: Called Strike 0-1: Called Strike 0-2: Foul Ball, location: 2F 0-2: Foul Ball, location: 2F 0-2: Ball 1-2: Fielders Choice at 2nd, 5-4 (Groundball, 56, EV 93.1 MPH)
|
|
Batting: RHB Hector Tabares
|
0-0: Ball 1-0: Fielders Choice at 2nd, 6-4 (Groundball, 56, EV 78.1 MPH)
|
| Bottom of the 8th over - 0 runs, 1 hit, 0 errors, 1 left on base; Bristol 3 - Missoula 4 |
| TOP OF THE 9TH |
|
Bristol Pirates batting - Pitching for Missoula Osprey : RHP Sergio Reyes
|
|
Pitching: LHP Bobby Manning
|
|
|
Now at SS: Hyeok Shon
|
|
|
Batting: LHB Sun-wei Kuai
|
0-0: Ball 1-0: Called Strike 1-1: Ground out 4-3 (Groundball, 34S, EV 84.4 MPH)
|
|
Pinch Hitting: RHB Oscar Munoz
|
0-0: Ball 1-0: Called Strike 1-1: Called Strike 1-2: Strikes out swinging
|
|
Batting: RHB Ilija Panic
|
0-0: Foul Ball, location: 2F 0-1: Foul Ball, location: 2F 0-2: Ball 1-2: Ball 2-2: Strikes out swinging
|
| Top of the 9th over - 0 runs, 0 hits, 0 errors, 0 left on base; Bristol 3 - Missoula 4 |
|